 Dungeon Crawl Stone Soup version 0.28-a0-258-g8de209e91f (webtiles) character file.

Game seed: 13105984178067511919

7120 Ankalagon the Carver (level 11, -13/139 HPs)
             Began as a Naga Brigand on Aug 26, 2021.
             Was an Elder of Trog.
             Mangled by a two-headed ogre (22 damage)
             ... on level 10 of the Dungeon.
             The game lasted 00:25:00 (13957 turns).

Ankalagon the Carver (Naga Brigand)                Turns: 13957, Time: 00:25:01

Health: -13/139    AC:  7    Str: 16    XL:     11   Next: 10%
Magic:  12/12      EV: 10    Int: 11    God:    Trog [****..]
Gold:   26         SH:  0    Dex: 14    Spells: 11/12 levels left

rFire   . . .      SeeInvis +   M - +6 scimitar (elec)
rCold   . . .      Faith    .   (no shield)
rNeg    + . .      Spirit   .   F - +0 acid dragon scales
rPois   +          Reflect  .   (no helmet)
rElec   .          Harm     .   C - scarf {repulsion}
rCorr   +          Rampage  .   J - +0 pair of gloves
Will    +....                   (no barding)
Stlth   ..........              (no amulet)
HPRegen 0.33/turn               f - ring of positive energy
MPRegen 0.13/turn               (no ring)

@: berserking, repel missiles, quick
A: AC +3, large, see invisible, deformed body, poison resistance, slowness 2,
spit poison 1, naga tail 1
a: Spit Poison, Renounce Religion, Berserk, Trog's Hand, Brothers in Arms


You were on level 10 of the Dungeon.
You worshipped Trog.
Trog was greatly pleased with you.
You visited 1 branch of the dungeon, and saw 10 of its levels.

You collected 403 gold pieces.
You spent 377 gold pieces at shops.

Inventory:

Hand Weapons
 a - a +2 dagger
 e - a +0 long sword
 k - a +4 arbalest
 v - a +0 rapier
 y - a +3 quarterstaff of chaos
 K - a +1 long sword
 L - a +2 long sword
 M - a +6 scimitar of electrocution (weapon)
Missiles
 d - 70 poisoned darts (quivered)
 p - 4 javelins
 G - a curare-tipped dart
Armour
 c - a +0 cloak
 o - +0 steam dragon scales
 r - a +2 robe of the Archmagi
 C - a scarf of repulsion (worn)
 F - +0 acid dragon scales (worn)
 J - a +0 pair of gloves (worn)
 N - the +1 chain mail of Histain {rN+}
   (You bought it in a shop on level 2 of the Dungeon)

   rN:        It protects you from negative energy.
Jewellery
 f - a ring of positive energy (left hand)
 u - a +4 ring of evasion
 Q - a ring of fire
Wands
 b - a wand of mindburst (12)
 t - a wand of digging (9)
 H - a wand of iceblast (13)
 P - a wand of acid (5)
Scrolls
 g - 5 scrolls of teleportation
 n - a scroll of amnesia
 w - a scroll of noise
 x - a scroll of vulnerability
 I - a scroll of blinking {unknown}
 O - a scroll of identify
Potions
 h - a potion of flight {unknown}
 i - 2 potions of berserk rage
 j - 2 potions of resistance
 l - 2 potions of invisibility {unknown}
 m - 2 potions of might {unknown}
 q - 2 potions of curing
 s - 3 potions of brilliance {unknown}
 z - 3 potions of mutation {unknown}
 A - a potion of lignification {unknown}
 B - 2 potions of degeneration {unknown}
 D - a potion of attraction {unknown}


   Skills:
 - Level 4.4 Fighting
 - Level 4.0(7.9) Short Blades
 + Level 10.5(10.8) Long Blades
 - Level 7.3 Throwing
 - Level 3.2 Dodging
 - Level 8.6 Stealth
 - Level 1.0 Spellcasting
 - Level 0.2 Conjurations
 - Level 6.4 Evocations


You had 11 spell levels left.
You knew the following spells:

 Your Spells              Type           Power      Damage    Failure   Level
e - Magic Dart            Conj           4%         1d3       38%         1

Your spell library contained the following spells:

 Spells                   Type           Power      Damage    Failure   Level
 Call Imp                 Summ           0%         N/A       54%         2
 Mephitic Cloud           Conj/Pois/Air  0%         N/A       77%         3


Dungeon Overview and Level Annotations

Branches:
Dungeon (10/15)            Temple (0/1) D:7            Lair (0/6) D:9
    Orc (0/2) D:9

Altars:
Ashenzari
Cheibriados
Dithmenos
Elyvilon
Fedhas
Qazlal
Ru
Trog
Vehumet
Wu Jian
Zin
Beogh

Shops:
D:2 ?[*

Portals:
Bailey: D:10


Innate Abilities, Weirdness & Mutations

Your serpentine skin is tough. (AC +3)
You have supernaturally acute eyesight. (SInv)
Armour fits poorly on your strangely shaped body.
Your system is resistant to poisons. (rPois)
You cover ground very slowly.
You can spit poison.
You have a snake-like lower body.


Message History

The killer bee closely misses you.
You riposte.
You slash the killer bee!
You kill the killer bee!
Trog accepts your kill.
The killer bee stings you but does no damage.
A kobold brigand comes into view.
It is wielding a +0 club and quivering poisoned darts.
The killer bee stings you. The goblin hits you but does no damage.
You feel sick.
The killer bee misses you. x2; The goblin throws a boomerang.
The boomerang barely misses you. The killer bee stings you!
You see here a killer bee corpse.
Aiming: Dig
Press: ? - help, Shift-Dir - straight line, f - you Please select a direction to dig.
The rock shatters into small pieces.
You feel sick. The killer bee stings you! The killer bee closely misses you.
You riposte.
You slash the killer bee!
The killer bee is almost dead.
You feel sick.
You are no longer poisoned.
You hit the two-headed ogre.
Lightning courses through the two-headed ogre!
The two-headed ogre is moderately wounded.
The two-headed ogre hits you with a +0 giant club! x2
* * * LOW HITPOINT WARNING * * *
You slash the two-headed ogre!
The two-headed ogre is heavily wounded.
Okay, then.
Unknown command.
A red film seems to cover your vision as you go berserk!
You feel yourself moving faster!
You feel mighty!
The two-headed ogre hits you with a +0 giant club!
* * * LOW HITPOINT WARNING * * *
The two-headed ogre hits you with a +0 giant club.
* * * LOW HITPOINT WARNING * * *
You slice the two-headed ogre!!
The two-headed ogre is almost dead.
You barely miss the two-headed ogre.
The two-headed ogre is almost dead.
The two-headed ogre hits you with a +0 giant club!
* * * LOW HITPOINT WARNING * * *
The two-headed ogre hits you with a +0 giant club!!
You die...

,,,,,,#..........#********
,,,,,,#..........+,,,,,,,********
,,,.,,#..........#******,,,,,,,,,
,,,...#...(......# **********
,,,......<..y.<..#
,,,,,*#.....g....#
,,,...y...#####g##
**,.≈≈≈≈≈.**#gyO##
,,,.≈.>g≈.*#K.##@#
***.≈.∩.≈.#..#*##.# *
*.≈..g≈...#* #.# ***.≈≈≈≈≈.'#***
#.#******** ,,,........,,,*
#..,,,,^,***** ,,,**,+K..,,,,*
*...,,,,,+,,,* *,,,,,*..,,,,,***
*,...,,,,***,,
*****,*,,,,,,,+,****,,..,,,,* **,
,,,,+,*,,,,,,,*,,,,+,,,,,,,,* **


You could see a two-headed ogre, a killer bee and 2 goblins.

Vanquished Creatures
  A two-headed ogre (D:9)
  Pikel (D:5)
  Maggie (D:6)
  A komodo dragon (D:9)
  Eustachio (D:4)
  Sigmund (D:3)
  6 yaks (D:9)
  2 steam dragons (D:9)
  2 water moccasins
  Duvessa (D:4)
  An ice beast (D:6)
  A sky beast (D:6)
  2 black bears
  2 hornet zombies
  6 ogres
  2 necrophages
  A centaur (D:5)
  A lemure (D:5)
  A phantom (D:4)
  A kobold brigand (D:8)
  3 bullfrogs
  A wyvern zombie (D:7)
  A gnoll sergeant (D:9)
  Dowan (D:4)
  2 scorpions (D:5)
  12 wights
  3 killer bees
  3 howler monkeys (D:9)
  An electric eel (D:7)
  A bullfrog zombie (D:6)
  A jelly (D:5)
  2 centaur zombies (D:9)
  2 hounds
  Crazy Yiuf (D:4)
  7 orc priests
  7 orc wizards
  6 iguanas
  3 killer bee zombies
  2 hound skeletons
  Robin (D:3)
  2 howler monkey zombies
  7 gnolls
  2 adders
  2 shadow imps (D:6)
  2 white imps (D:7)
  An ufetubus (D:5)
  An adder skeleton (D:4)
  25 orcs
  5 ball pythons
  6 bats
  4 endoplasms
  3 giant cockroaches
  17 goblins
  8 hobgoblins
  4 jackals (D:2)
  9 kobolds
  A quokka (D:5)
  3 frilled lizards
  8 rats
205 creatures vanquished.

Vanquished Creatures (others)
  An orc priest (D:5)
  8 plants
9 creatures vanquished.

Grand Total: 214 creatures vanquished

Notes
Turn   | Place    | Note
-------+----------+-------------------------------------------
     0 | D:1      | Ankalagon the Naga Brigand began the quest for the Orb.
     0 | D:1      | Reached XP level 1. HP: 19/19 MP: 1/1
   121 | D:1      | Reached skill level 1 in Spellcasting
   185 | D:1      | Learned a level 1 spell: Magic Dart
   267 | D:1      | Found a faded altar of an unknown god.
   275 | D:1      | Became a worshipper of Trog the Wrathful
   275 | D:1      | Reached * piety under Trog
   283 | D:1      | Reached XP level 2. HP: 26/26 MP: 3/3
   945 | D:1      | Reached skill level 1 in Dodging
  1338 | D:2      | Found Siqaer's Antique Armour Shop.
  1816 | D:2      | Reached XP level 3. HP: 32/32 MP: 4/4
  2229 | D:2      | Found Joemeti's Magic Scroll Boutique.
  2236 | D:2      | Bought a scroll of identify for 22 gold pieces
  2236 | D:2      | Bought a scroll of identify for 22 gold pieces
  2400 | D:2      | Found Kosanah's Assorted Antiques.
  2618 | D:3      | Noticed Robin
  2633 | D:3      | Reached ** piety under Trog
  2639 | D:3      | Killed Robin
  2641 | D:3      | Reached XP level 4. HP: 12/40 MP: 5/5
  3079 | D:3      | Noticed Sigmund
  3090 | D:3      | Killed Sigmund
  3091 | D:3      | Reached XP level 5. HP: 47/49 MP: 6/6
  3155 | D:3      | Reached XP level 6. HP: 56/56 MP: 7/7
  3325 | D:3      | Found an ornate altar of the Wu Jian Council.
  3325 | D:3      | Found a glowing silver altar of Zin.
  3903 | D:4      | Noticed Eustachio
  4134 | D:4      | Killed Eustachio
  4135 | D:4      | Reached XP level 7. HP: 36/64 MP: 8/8
  4283 | D:4      | Noticed Duvessa
  4284 | D:4      | Noticed Dowan
  4301 | D:4      | Killed Duvessa
  4422 | D:4      | Found a snail-covered altar of Cheibriados.
  4534 | D:4      | Found a runed translucent door.
  4535 | D:4      | Noticed Crazy Yiuf
  4542 | D:4      | Killed Crazy Yiuf
  4675 | D:4      | Killed Dowan
  5082 | D:5      | Entered Level 5 of the Dungeon
  5184 | D:5      | Found a sacrificial altar of Ru.
  5195 | D:5      | Reached XP level 8. HP: 60/73 MP: 9/9
  5332 | D:5      | Noticed Pikel
  5363 | D:5      | Killed Pikel
  5364 | D:5      | Reached skill level 5 in Throwing
  6272 | D:5      | Reached XP level 9. HP: 75/79 MP: 10/10
  6298 | D:5      | Found a radiant altar of Vehumet.
  6827 | D:5      | Reached skill level 5 in Evocations
  7650 | D:6      | Noticed Maggie
  7662 | D:6      | Killed Maggie
  7668 | D:6      | Reached *** piety under Trog
  8086 | D:6      | Reached skill level 1 in Long Blades
  8195 | D:6      | Reached skill level 2 in Long Blades
  9053 | D:7      | Reached skill level 3 in Long Blades
  9113 | D:7      | Reached skill level 4 in Long Blades
  9268 | D:7      | Reached XP level 10. HP: 59/87 MP: 11/11
  9406 | D:7      | Found a white marble altar of Elyvilon.
  9532 | D:7      | Found a staircase to the Ecumenical Temple.
  9726 | D:7      | Reached skill level 5 in Long Blades
  9942 | D:7      | Found a blossoming altar of Fedhas.
 10375 | D:7      | Found a shadowy altar of Dithmenos.
 10491 | D:8      | Reached skill level 6 in Long Blades
 11681 | D:8      | Reached **** piety under Trog
 11684 | D:8      | Reached skill level 7 in Long Blades
 12317 | D:9      | Found a staircase to the Lair.
 12385 | D:9      | Found a stormy altar of Qazlal.
 12391 | D:9      | Found a broken altar of Ashenzari.
 12425 | D:9      | Noticed a two-headed ogre
 12430 | D:9      | Reached skill level 8 in Long Blades
 12436 | D:9      | Killed a two-headed ogre
 12437 | D:9      | Reached skill level 9 in Long Blades
 12937 | D:2      | Bought a masterwork scale mail for 162 gold pieces
 12937 | D:2      | Identified the +2 scale mail of Conscience {Str+4 Int+5
                  | Slay-5} (You bought it in a shop on level 2 of the Dungeon)
 12938 | D:2      | Bought an encrusted chain mail for 171 gold pieces
 12938 | D:2      | Identified the +1 chain mail of Histain {rN+} (You bought
                  | it in a shop on level 2 of the Dungeon)
 13259 | D:9      | Found a staircase to the Orcish Mines.
 13532 | D:9      | Reached skill level 10 in Long Blades
 13532 | D:9      | Reached XP level 11. HP: 59/93 MP: 12/12
 13931 | D:10     | Entered Level 10 of the Dungeon
 13935 | D:10     | Found a flagged portal.
 13945 | D:10     | Noticed a two-headed ogre
 13957 | D:10     | Mangled by a two-headed ogre

Illustrated notes

Levels and vault maps discovered:
D:1:      roderic_chinese_lattice_arrival, layout_basic,
          hellmonk_ecumenical_altar_crossroads, chequers_serial_rivers_small_b
D:2:      layout_loops_corners, serial_shops, shop, nicolae_shop_statue_plus,
          shop, minmay_stone_trees_small, chequers_serial_rivers_large_a
D:3:      layout_basic, gammafunk_temple_overflow_wave, uniq_robin, uniq_sigmund
D:4:      layout_basic, mainiacjoe_overflow_cross_hatched,
          uniq_crazy_yiuf_cottage, uniq_eustachio, uniq_duvessa
D:5:      layout_loops_ring, lemuel_round_altar, fiery_altar_vehumet,
          minmay_misc_feat_tower, corexii_shack, minmay_manual_mail, uniq_pikel
D:6:      layout_basic, uniq_maggie
D:7:      layout_loops_ring, fedhas_altar_fruit_tree,
          nicolae_elyvilon_peaceful_grove, kennysheep_little_box,
          temple_fountains
D:8:      layout_basic
D:9:      layout_basic, chequers_temple_overflow_statue_of_worship,
          david_lair_shrubbed, minmay_orc_entry_temple_small
D:10:     layout_roguey, mainiacjoe_overflow_surrounded_room, tgw_sif,
          mainiacjoe_overflow_small_starburst, enter_bailey_5,
          kennysheep_potato, uniq_harold

Skill      XL: |  1  2  3  4  5  6  7  8  9 10 |
---------------+-------------------------------+-----
Spellcasting   | 1 |  1.0
Dodging        | 1 2 3 |  3.2
Stealth        | 6 7 8 |  8.6
Throwing       | 2 3 4 5 7 |  7.3
Fighting       | 3 4 |  4.4
Short Blades   | 3 4 |  4.0
Evocations     | 4 6 |  6.4
Long Blades    | 4 10 | 10.5
Conjurations   | |  0.2

Action                   |  1- 3 |  4- 6 |  7- 9 | 10-12 || total
-------------------------+-------+-------+-------+-------++-------
Melee: Dagger            |    85 |   100 |       |       ||   185
       Rapier            |       |       |   284 |    23 ||   307
       Scimitar          |       |       |       |   185 ||   185
       Long sword        |       |       |       |    34 ||    34
Throw: Dart              |    11 |    15 |    36 |     3 ||    65
       Javelin           |       |       |    15 |       ||    15
Invok: Berserk           |     1 |     1 |     6 |     4 ||    12
       Trog's Hand       |       |       |     2 |     1 ||     3
 Abil: Spit Poison       |     4 |     5 |    16 |     6 ||    31
Evoke: Wand              |       |       |    10 |     4 ||    14
  Use: Scroll            |     4 |       |     2 |     7 ||    13
       Potion            |       |     1 |       |     2 ||     3
 Stab: Sleeping          |    12 |     6 |     5 |     6 ||    29
       Distracted        |       |       |       |     1 ||     1
Armor: Robe              |    25 |    29 |   104 |    52 ||   210
       Acid dragon scale |       |       |       |    38 ||    38
Dodge: Dodged            |    46 |    33 |   147 |   131 ||   357
       Repelled          |       |       |       |     1 ||     1
       Rpst.: Scimitar   |       |       |       |    30 ||    30
       Long sword        |       |       |       |     4 ||     4

Table legend: (Time is in decaauts)
 A = Elapsed time spent in this place.
 B = Non-inter-level travel time spent in this place.
 C = Inter-level travel time spent in this place.
 D = Time resting spent in this place.
 E = Time spent auto-exploring this place.
 F = Levels seen in this place.
 G = Mean time per level.
                   A        B        C        D        E       F      G
               +--------+--------+--------+--------+--------+-----+--------+
         Total |  16879 |  15808 |   1071 |   3424 |   9634 |  10 | 1687.9 |
       Dungeon |  16879 |  15808 |   1071 |   3424 |   9634 |  10 | 1687.9 |
               +--------+--------+--------+--------+--------+-----+--------+

Top non-repeatable levels by time:
     D:5: 3201 daAuts
     D:7: 2135 daAuts
     D:9: 1823 daAuts
     D:2: 1765 daAuts
     D:4: 1723 daAuts
     D:1: 1655 daAuts
     D:8: 1566 daAuts
     D:3: 1548 daAuts
     D:6: 1428 daAuts
    D:10: 29 daAuts
